 Dungeon Sprint DCSS version 0.30-a0-622-gddc90eaa04 (webtiles) character file.

Game seed: 3930828507127604341

4 Darkkill the Slasher (level 1, 0/20 HPs)
             Began as a Minotaur Monk on Jan 10, 2023.
             Was an Initiate of Gozag.
             Slain by a quokka (2 damage)
             ... in the Dungeon (Sprint VII: "The Pits").
             The game lasted 00:00:28 (192 turns).

Darkkill the Slasher (Minotaur Monk)                 Turns: 192, Time: 00:00:29

Health: 0/20       AC:  2    Str: 15    XL:     1   Next: 58%
Magic:  0/0        EV: 13    Int:  7    God:    Gozag
Gold:   135        SH:  0    Dex: 12    Spells: 0/0 levels left

rFire   . . .      SeeInvis .    j - +2 quarterstaff
rCold   . . .      Faith    .    (shield currently unavailable)
rNeg    . . .      Spirit   .    b - +0 robe
rPois   .          Reflect  .    (helmet restricted)
rElec   .          Harm     .    (no cloak)
rCorr   .          Rampage  .    (no gloves)
Will    .....      NoTele   +    (no boots)
Stlth   ++                       (no amulet)
HPRegen 0.23/turn                (no ring)
MPRegen 0.07/turn                (no ring)

@: no status effects
A: horns 2, retaliatory headbutt
a: Renounce Religion, Potion Petition, Call Merchant, Bribe Branch


You were in the Dungeon.
You worshipped Gozag.
Gozag was aware of your devotion.
You visited 1 branch You collected 135 gold pieces.

Inventory:

Hand Weapons
 j - a +2 quarterstaff (weapon)
Missiles
 k - 10 stones (quivered)
Armour
 b - a +0 robe (worn)
Scrolls
 i - a scroll of blinking
 l - 5 scrolls of amnesia
 m - a scroll of butterflies
Potions
 a - 2 potions of invisibility
 c - a potion of ambrosia
 d - a potion of curing {@q1}
 e - a potion of heal wounds
 f - a potion of haste
 g - 4 potions of magic
 h - 3 potions of berserk rage


   Skills:
 + Level 4.1 Fighting
 + Level 4.1 Long Blades
 + Level 3.7 Dodging
 + Level 2.1 Stealth


You couldn't memorise any spells.
You didn't know any spells.
Your spell library was empty.

Dungeon Overview and Level Annotations

Branches:
Dungeon (1/1)

Altars:
Ashenzari
Cheibriados
Dithmenos
Elyvilon
Fedhas
Gozag
Hepliaklqana
Kikubaaqudgha
Makhleb
Nemelex Xobeh
Okawaru
Qazlal
Ru
Sif Muna
Trog
Uskayaw
Vehumet
Wu Jian
Xom
Yredelemnul
Zin
The Shining One
Jiyva
Lugonu


Innate Abilities, Weirdness & Mutations

You have a pair of horns on your head.
You reflexively headbutt those who attack you in melee.


Message History

Things that are here:
a +2 mace; a +2 hand axe
Things that are here:
a +2 falchion; a +2 dagger
Things that are here:
a +2 quarterstaff; a +2 trident
j - a +2 quarterstaff
j - a +2 quarterstaff (weapon)
You drop a +0 falchion.
You open the door.
Found 2 potions of magic, 10 stones and 2 scrolls of vulnerability.
There is an open door here.
g - 4 potions of magic (gained 2)
h - 3 potions of berserk rage (gained 2)
a - 2 potions of invisibility
k - 10 stones
l - 5 scrolls of amnesia;
m - a scroll of butterflies You see here 2 scrolls of vulnerability.
You see here 2 scrolls of vulnerability.
There is an open door here.
Things that are here:
a +0 falchion; a +2 trident
Things that are here:
a +2 falchion; a +2 dagger
Things that are here:
a +2 mace; a +2 hand axe
There is an open door here.
As you open the door, it creaks loudly!
Found five altars.
Found fourteen altars.
There is an open door to the Temple (Safe) here.
Found three altars.
Found three altars.
There is a shimmering blue altar of Sif Muna here.
There is a hazy altar of Hepliaklqana here.
There is an opulent altar of Gozag here.
You kneel at the altar of Gozag.
Gozag welcomes you!
Gozag waives the service fee.
Unknown command.
Press < or > to pray at altars.
There is a hazy altar of Hepliaklqana here.
There is a viscous altar of Jiyva here.
There is a bloodstained altar of Trog here.
There is an open door to the Temple (Safe) here.
You open the door. 2 jackals and a quokka come into view.
The quokka closely misses you. You furiously retaliate!
You headbutt the quokka!
You kill the quokka!
The jackal barks!
There is an open door here.
The jackal bites you but does no damage.
The jackal closely misses you. The jackal bites you.
The jackal barely misses you.
You see here 54 gold pieces.
The jackal misses you. The jackal completely misses you.
You furiously retaliate!
You headbutt the jackal!
You kill the jackal!
Your Fighting skill increases to level 4!
Your Long Blades skill increases to level 4!
Your Stealth skill increases to level 2!
You barely miss the jackal. The jackal barely misses you.
The jackal closely misses you. You furiously retaliate!
You headbutt the jackal.
You kill the jackal!
You now have 54 gold pieces.
You now have 81 gold pieces (gained 27).
You now have 135 gold pieces (gained 54).
You open the door.
You start waiting.
Done waiting.
There is an open door here.
You open the door.
A scorpion and a quokka come into view.
There is an open door here.
The helpless scorpion fails to defend itself.
You hit the scorpion. Your headbutt misses the scorpion.
The scorpion is lightly wounded.
The scorpion closely misses you. The quokka bites you.
The scorpion stings you but does no damage.
You hit the scorpion. Your headbutt misses the scorpion.
The scorpion is heavily wounded.
The quokka bites you but does no damage.
The scorpion stings you. The quokka bites you.
You barely miss the scorpion.
The scorpion is heavily wounded.
The scorpion stings you.
* * * LOW HITPOINT WARNING * * *
The quokka bites you.
* * * LOW HITPOINT WARNING * * *
The scorpion closely misses you.
You hit the scorpion.
You headbutt the scorpion, but do no damage.
The scorpion is heavily wounded.
The quokka misses you. The scorpion stings you.
* * * LOW HITPOINT WARNING * * *
The quokka bites you.
You die...
Your body crumbles into a pile of gold.

#.?..')))'.##......#..#.
##########.##...........
#...........'...........
#+#####'#####......#..#.
#...'.##...........
#...#.#####'#####++
#####.##.......#
+..s#.##.......#
+.r@'.##.......#
########...<...#
#.......# #.......#
#.......# #########


You could see a scorpion and a quokka.

Vanquished Creatures
  2 jackals (D)
  A quokka (D)
  A frilled lizard (D)
4 creatures vanquished.

Notes
Turn   | Place    | Note
-------+----------+-------------------------------------------
     0 | D        | Darkkill the Minotaur Monk began the quest for the Orb.
     0 | D        | Reached XP level 1. HP: 19/19 MP: 0/0
    46 | D        | Found a bloodstained altar of Trog.
    46 | D        | Found a shimmering blue altar of Sif Muna.
    46 | D        | Found a viscous altar of Jiyva.
    46 | D        | Found a hazy altar of Hepliaklqana.
    46 | D        | Found an opulent altar of Gozag.
    47 | D        | Found a glowing golden altar of the Shining One.
    47 | D        | Found a glowing silver altar of Zin.
    47 | D        | Found a basalt altar of Yredelemnul.
    47 | D        | Found a shimmering altar of Xom.
    47 | D        | Found an ornate altar of the Wu Jian Council.
    47 | D        | Found a sacrificial altar of Ru.
    47 | D        | Found a stormy altar of Qazlal.
    47 | D        | Found an iron altar of Okawaru.
    47 | D        | Found a sparkling altar of Nemelex Xobeh.
    47 | D        | Found a burning altar of Makhleb.
    47 | D        | Found a blossoming altar of Fedhas.
    47 | D        | Found a white marble altar of Elyvilon.
    47 | D        | Found a shadowy altar of Dithmenos.
    47 | D        | Found a snail-covered altar of Cheibriados.
    49 | D        | Found a radiant altar of Vehumet.
    49 | D        | Found a corrupted altar of Lugonu.
    50 | D        | Found a hide-covered altar of Uskayaw.
    50 | D        | Found an ancient bone altar of Kikubaaqudgha.
    50 | D        | Found a broken altar of Ashenzari.
    54 | D        | Became a worshipper of Gozag Ym Sagoz the Greedy
   186 | D        | Noticed a scorpion
   191 | D        | HP: 4/20 [quokka (2)]
   192 | D        | Slain by a quokka

Illustrated notes

Levels and vault maps discovered:
D:        pitsprint [storerooms_1, entrance_room_1, metal_vault_8, armoury_3,
          mini_pit_1, grid_room_1, main_hall_1, silver_pit, the_coven_2,
          the_vestibule_1, steel_vault_2, golden_pit, hallway_of_sentries,
          crystal_vault_3, iron_vault_1, final_vault]

Skill      XL: |  1 |
---------------+----+-----
Fighting       | 4 |  4.1
Long Blades    | 4 |  4.1
Stealth        | 2 |  2.1
Dodging        | |  3.7

Action                   || total
-------------------------++-------
Melee: Quarterstaff      ||     5
       Falchion          ||     1
       Headbutt          ||     1
 Stab: Sleeping          ||     1
Armor: Robe              ||     3
Dodge: Dodged            ||    11

Table legend: (Time is in decaauts)
 A = Elapsed time spent in this place.
 B = Non-inter-level travel time spent in this place.
 C = Inter-level travel time spent in this place.
 D = Time resting spent in this place.
 E = Time spent auto-exploring this place.
 F = Levels seen in this place.
 G = Mean time per level.
                   A        B        C        D        E       F      G
               +--------+--------+--------+--------+--------+-----+--------+
         Total |    192 |    192 |      0 |    100 |      0 |   1 |  192.0 |
       Dungeon |    192 |    192 |      0 |    100 |      0 |   1 |  192.0 |
               +--------+--------+--------+--------+--------+-----+--------+

Top non-repeatable levels by time:
       D: 192 daAuts

Table legend:
 A = Kills in this place as a percentage of kills in entire the game.
 B = Kills by you in this place as a percentage of kills by you in the entire game.
 C = Kills by friends in this place as a percentage of kills by friends in the entire game.
 D = Other kills in this place as a percentage of other kills in the entire game.
 E = Experience gained in this place as a percentage of experience gained in the entire game.
 F = Experience gained in this place divided by the number of levels of this place that you have seen.
                   A       B       C       D       E      F
               +-------+-------+-------+-------+-------+----------------------
         Total | 100.0 | 100.0 |   N/A |   N/A | 100.0 |   7.0
       Dungeon | 100.0 | 100.0 |   N/A |   N/A | 100.0 |   7.0
               +-------+-------+-------+-------+-------+----------------------
